Map: Tropic Shores

Players

Beto - Winner!

  • Race: Terran Terran
  • Spawn Location: 0:00

Lambdanaut - Winner!

  • Race: Protoss Protoss
  • League: Diamond
  • Spawn Location: 12:00

JaySlays - Winner!

  • Race: Protoss Protoss
  • Spawn Location: 12:00

Wolf - Winner!

  • Race: Protoss Protoss
  • League: Diamond
  • Spawn Location: 11:00

percyonecraf

  • Race: Protoss Protoss
  • Spawn Location: 6:00

TerraniusD

  • Race: Protoss Protoss
  • Spawn Location: 5:00

Zeratool

  • Race: Protoss Protoss
  • Spawn Location: 6:00

SentientHair

  • Race: Protoss Protoss
  • League: Platinum
  • Spawn Location: 5:00

VOD

Have the link to the VOD?

Description

Time

  • Played on: April 16, 2018, 9:19 p.m.
  • Length: 17:26
Show
View Real Time Build Order
Export as new Build Order

Beto Terran - Winner!

Build Orders: MMM Bio 

Get SALT Encoding   

  12  0:36  SCV  
  13  0:49  Supply Depot  
  13  0:55  Command Center  
  13  0:56  SCV  
  14  1:08  SCV  
  15  1:15  Barracks  
  15  1:34  SCV  
  15  1:39  Refinery  
  16  1:40  Refinery  
  16  1:47  SCV  
  16  2:17  Orbital Command  
  16  2:29  Orbital Command  
  16  2:36  Factory  
  16  2:47  Barracks Tech Lab, SCV  
  17  3:17  SCV  
  21  3:27  Siege Tank  
  21  3:28  Marine, Supply Depot  
  21  3:29  SCV  
  23  3:57  Marine  
  23  3:59  Orbital Command  
  24  4:20  Marine  
  24  4:22  Siege Tank  
  28  4:25  Engineering Bay  
  28  4:28  Engineering Bay  
  28  4:31  Starport  
  28  4:35  Barracks  
  28  4:36  SCV x2  
  30  4:38  Marine  
  20  5:34  Marine  
  21  5:36  Medivac, Siege Tank  
  21  5:39  Barracks Tech Lab  
  25  5:50  Orbital Command  
  25  5:52  Marine  
  26  5:58  Terran Infantry Weapons Level 1, Terran Infantry Armor Level 1  
  26  5:59  SCV  
  27  6:08  Siege Tank  
  30  6:11  SCV  
  31  6:23  SCV  
  30  6:25  SCV  
  31  6:35  SCV  
  31  6:38  SCV  
  31  6:39  Marine x2  
  35  6:40  Stimpack, Siege Tank  
  38  6:58  Marine x2  
  40  7:04  Missile Turret  
  40  7:07  Missile Turret  
  40  7:08  Missile Turret  
  40  7:10  Armory  
  40  7:12  Siege Tank  
  42  7:16  Marine x2  
  43  7:25  Refinery  
  43  7:27  Starport Reactor  
  42  7:33  SCV  
  42  7:34  SCV  
  44  7:46  SCV x2  
  46  7:52  Supply Depot  
  46  7:54  Supply Depot  
  46  7:55  Supply Depot  
  46  8:05  Barracks  
  46  8:07  Barracks  
  46  8:14  Medivac, Siege Tank, SCV x2  
  46  8:15  Medivac  
  55  8:22  Marine x2  
  57  8:39  Marine  
  55  8:51  Marine  
  56  8:57  Marine  
  56  8:59  Medivac x2  
  61  9:08  Marine  
  62  9:15  Marine  
  56  9:21  Barracks Tech Lab  
  56  9:22  Barracks Tech Lab  
  48  9:40  Concussive Shells  
  48  9:41  Combat Shields  
  48  9:42  Marauder x2  
  48  9:43  Marine, Marauder  
  48  9:45  Medivac x2  
  58  9:46  SCV x2  
  60  10:01  Marine, Command Center  
  60  10:02  SCV x2, Refinery  
  60  10:04  Marauder x3  
  69  10:07  Armory  
  69  10:09  Supply Depot  
  69  10:10  Supply Depot  
  69  10:11  Supply Depot  
  69  10:12  Supply Depot  
  69  10:13  Supply Depot  
  69  10:14  SCV  
  69  10:20  Terran Vehicle And Ship Armor Level 1  
  69  10:21  Terran Infantry Weapons Level 2  
  70  10:27  Terran Infantry Armor Level 2  
  70  10:30  Marine x2, Medivac  
  70  10:31  Medivac, Marauder x2  
  80  10:46  Barracks  
  80  10:48  Marine, SCV x2  
  80  10:49  Barracks, Marauder  
  85  10:52  Marine, Marauder  
  88  11:06  Marine  
  88  11:07  Medivac  
  88  11:08  Medivac  
  88  11:09  Marine x2  
  95  11:13  Marine  
  96  11:22  Terran Vehicle Weapons Level 1  
  96  11:26  Hellbat, Infernal Pre-Igniter  
  98  11:33  Marine x2, Marauder x3  
  98  11:37  Medivac  
  98  11:38  Orbital Command  
  108  11:47  Hellbat  
  108  11:51  Marine  
  111  11:58  Viking  
  107  12:07  Viking  
  95  12:18  Marauder x3  
  95  12:19  Marine x3  
  86  12:28  Viking  
  83  12:30  Starport  
  83  12:36  Marine x2  
  84  12:37  Marine  
  84  12:39  Marine  
  84  12:40  Hellbat, Marauder x2  
  93  12:54  Marine x3  
  93  12:55  Refinery  
  93  12:56  SCV x3  
  93  12:58  Marauder  
  101  13:01  Hellbat, Marauder x2  
  101  13:02  Supply Depot x2  
  101  13:03  Supply Depot  
  107  13:05  Viking  
  107  13:06  Viking  
  107  13:10  Starport Reactor  
  107  13:12  Marine x2  
  113  13:19  Marauder  
  110  13:41  Viking x2  
  103  13:47  Marauder x3  
  103  13:48  Marine x3  
  87  14:04  Viking x2  
  87  14:06  Marine x2  
  87  14:07  Terran Infantry Weapons Level 3  
  87  14:09  Marauder x3  
  99  14:11  Medivac, Viking  
  103  14:22  Marine  
  103  14:24  Marine x2  
  104  14:30  Marauder x3  
  112  14:51  Marauder x2  
  114  14:54  Marine x3, Marauder  
  113  15:07  Smart Servos  
  113  15:13  Marauder x2  
  117  15:16  Marauder  
  114  15:46  Marine x3, Marauder x3  
  123  15:51  Medivac x2, Viking x2  
  131  16:04  Marine x3  
  132  16:07  Marauder  
  136  16:14  Command Center  
  136  16:21  Viking x2  
  140  16:35  Marine x3, Marauder x3  
  149  16:53  Marine x2  
  145  16:56  Marauder x2  
Show
View Real Time Build Order
Export as new Build Order

Lambdanaut Protoss - Winner!

Build Orders: 1 Gate Expand 

Get SALT Encoding   

  12  0:01  Probe  
  13  0:13  Probe  
  14  0:19  Pylon  
  14  0:26  Probe  
  15  0:38  Gateway  
  15  0:40  Probe  
  16  0:48  Assimilator  
  16  0:52  Probe (Chrono Boost)  
  17  1:03  Probe (Chrono Boost)  
  18  1:08  Probe (Chrono Boost)  
  19  1:18  Probe (Chrono Boost)  
  20  1:28  Probe (Chrono Boost)  
  21  1:37  Nexus  
  21  1:39  Zealot  
  23  2:02  Forge  
  23  2:06  Pylon  
  23  2:08  Pylon  
  21  2:24  Probe  
  21  2:29  Cybernetics Core, Assimilator  
  22  2:36  Probe  
  23  2:42  Photon Cannon  
  23  2:47  Photon Cannon  
  23  2:49  Probe  
  24  3:00  Photon Cannon  
  24  3:02  Pylon  
  24  3:04  Probe  
  25  3:17  Photon Cannon  
  25  3:21  Pylon  
  25  3:35  Photon Cannon  
  25  3:39  Probe  
  26  3:51  Photon Cannon  
  26  4:09  Gateway  
  26  4:11  Gateway  
  26  4:12  Pylon  
  26  4:16  Pylon  
  26  4:40  Probe  
  27  5:09  Stalker x2  
  28  5:46  Stalker x2  
  26  8:10  Warp Gate  
Show
View Real Time Build Order
Export as new Build Order

JaySlays Protoss - Winner!

Build Orders:  

Get SALT Encoding   

  12  0:01  Probe  
  13  0:13  Probe  
  14  0:19  Pylon  
  14  0:25  Probe  
  15  0:37  Probe  
  15  0:40  Forge  
  16  0:49  Probe  
  17  1:01  Probe  
  18  1:07  Gateway  
  18  1:13  Probe  
  19  1:31  Pylon, Probe  
  20  1:36  Assimilator  
  20  1:48  Pylon  
  20  1:56  Photon Cannon  
  20  1:59  Photon Cannon  
  20  2:08  Probe  
  21  2:09  Zealot  
  21  2:15  Cybernetics Core  
  23  2:20  Probe  
  24  2:26  Photon Cannon  
  24  2:29  Pylon  
  24  2:34  Probe  
  25  2:40  Assimilator  
  25  2:53  Gateway  
  25  2:55  Gateway  
  25  3:03  Probe  
  25  3:04  Pylon  
  26  3:16  Probe  
  27  3:24  Photon Cannon  
  27  3:40  Warp Gate (Chrono Boost)  
  27  3:47  Stalker (Chrono Boost)  
  27  3:48  Stalker x2 (Chrono Boost)  
  33  4:07  Pylon  
  33  4:11  Photon Cannon  
  33  4:13  Twilight Council  
  33  4:40  Robotics Facility  
  33  4:51  Dark Shrine  
  33  5:21  Gateway  
  33  5:23  Gateway  
  33  5:36  Charge  
  33  5:41  Warp Prism  
  35  5:51  Probe  
  35  5:55  Stalker  
  38  6:03  Probe  
  31  6:34  Protoss Ground Weapons Level 1 (Chrono Boost)  
  31  6:39  Immortal  
  35  7:09  Dark Templar x3  
  35  7:10  Dark Templar x2  
  45  7:58  Zealot x4  
  49  7:59  Zealot  
  53  8:06  Pylon  
  53  8:24  Protoss Ground Weapons Level 2 (Chrono Boost)  
  53  8:27  Immortal (Chrono Boost)  
  53  9:20  Dark Templar x2  
  53  9:21  Dark Templar x3  
  53  9:22  Pylon  
  51  9:25  Pylon x2  
  49  9:43  Nexus  
  45  9:54  Zealot x5  
  53  10:05  Probe  
  50  10:17  Probe  
  51  10:22  Gateway x2  
  51  10:25  Gateway  
  51  10:26  Gateway  
  51  10:28  Gateway  
  51  10:29  Probe  
  52  10:41  Probe  
  41  11:19  Photon Cannon  
  41  11:22  Photon Cannon, Zealot x6  
  41  11:23  Zealot x2  
  41  11:24  Photon Cannon  
  41  11:25  Photon Cannon  
  57  11:32  Pylon  
  57  11:37  Templar Archives  
  57  11:53  Assimilator  
  57  11:56  Protoss Ground Weapons Level 3 (Chrono Boost)  
  57  11:57  Assimilator  
  57  12:06  Immortal  
  61  12:21  Zealot x2  
  61  12:22  Zealot x2  
  69  12:23  Zealot  
  45  12:59  High Templar  
  45  13:00  High Templar x5  
  45  13:01  High Templar x2  
  61  13:15  Archon x4  
  61  13:20  Immortal (Chrono Boost)  
  65  13:27  Zealot  
  67  13:42  Zealot  
  67  13:43  Zealot x5  
  67  13:44  Zealot x2  
  83  13:52  Probe x2  
  85  14:12  Zealot x2  
  85  14:13  Zealot  
  89  14:23  Zealot x3  
  89  14:24  Zealot x2  
  97  14:44  Zealot x3  
  101  14:50  Observer  
  100  15:00  Zealot x3  
  98  15:12  Observer  
  97  15:16  High Templar x5  
  97  15:19  Protoss Ground Armor Level 1 (Chrono Boost)  
  107  15:24  Archon  
  107  15:25  Archon, High Templar  
  109  15:30  Archon  
  109  15:33  Observer  
  110  15:53  Zealot x2  
  110  15:54  Zealot x2  
  98  16:18  Zealot x2  
  98  16:19  Zealot x2  
  98  16:28  High Templar  
  98  16:29  High Templar x3  
  98  16:33  Archon x2  
  39  17:09  High Templar x3  
  39  17:10  High Templar x2  
  45  17:21  Archon  
  45  17:22  Archon  
  45  17:23  High Templar  
Show
View Real Time Build Order
Export as new Build Order

Wolf Protoss - Winner!

Build Orders:  

Get SALT Encoding   

  12  0:01  Probe  
  13  0:13  Probe  
  14  0:20  Pylon  
  14  0:25  Probe  
  15  0:38  Probe (Chrono Boost)  
  15  0:40  Gateway  
  17  0:50  Probe (Chrono Boost)  
  17  0:56  Probe (Chrono Boost)  
  18  0:59  Assimilator  
  18  1:04  Probe  
  19  1:11  Assimilator  
  19  1:16  Probe  
  20  1:31  Zealot (Chrono Boost)  
  22  1:39  Probe  
  23  2:07  Cybernetics Core  
  23  2:10  Pylon  
  23  2:13  Gateway  
  23  2:24  Probe  
  23  2:28  Zealot  
  25  2:36  Probe  
  26  2:48  Probe  
  27  2:52  Robotics Facility  
  27  2:55  Twilight Council  
  27  3:00  Probe  
  27  3:02  Stalker  
  27  3:03  Warp Gate  
  30  3:10  Pylon  
  30  3:28  Stalker  
  32  3:41  Stalker  
  32  3:43  Charge  
  32  3:46  Immortal (Chrono Boost)  
  38  4:16  Pylon  
  38  4:21  Forge  
  38  4:34  Immortal (Chrono Boost), Stalker  
  30  5:37  Immortal  
  30  5:40  Blink  
  28  6:20  Stalker x2  
  32  6:26  Immortal  
  32  6:28  Gateway  
  32  6:31  Protoss Ground Weapons Level 1 (Chrono Boost)  
  32  6:33  Pylon x2, Gateway  
  32  6:34  Gateway  
  32  6:36  Gateway  
  32  6:37  Pylon  
  32  6:39  Pylon  
  36  6:44  Stalker x2  
  38  7:21  Stalker x2  
  40  7:26  Immortal  
  44  7:49  Stalker x4  
  44  7:50  Stalker x2  
  56  7:56  Nexus  
  56  7:58  Pylon  
  56  8:00  Pylon  
  56  8:02  Immortal (Chrono Boost)  
  56  8:05  Assimilator  
  60  8:06  Assimilator  
  60  8:09  Templar Archives  
  60  8:23  Protoss Ground Weapons Level 2 (Chrono Boost)  
  60  8:34  Immortal  
  42  9:52  Immortal (Chrono Boost)  
  38  10:00  Stalker x5  
  48  10:08  Probe x2 (Chrono Boost)  
  50  10:18  Probe (Chrono Boost)  
  51  10:21  Immortal (Chrono Boost)  
  55  10:30  High Templar x3  
  55  10:31  High Templar  
  55  10:34  Zealot  
  55  10:35  Zealot  
  67  10:38  Protoss Ground Armor Level 1 (Chrono Boost)  
  67  10:40  Archon  
  67  10:41  Archon  
  67  10:53  Immortal  
  71  11:03  Zealot x2  
  71  11:04  Zealot x3  
  81  11:12  Probe x2  
  83  11:24  Probe x2, Zealot  
  87  11:36  Probe  
  88  11:41  Immortal (Chrono Boost)  
  92  12:04  Pylon  
  48  12:36  Zealot x5  
  48  12:37  Zealot  
  51  12:44  Photon Cannon  
  51  12:46  Photon Cannon  
  51  12:47  Photon Cannon  
  51  12:49  Photon Cannon  
  51  12:53  Photon Cannon  
  51  12:59  High Templar x4  
  51  13:00  High Templar x2  
  51  13:04  Archon x3  
  63  13:07  Psionic Storm  
  41  13:53  Immortal  
  41  13:56  Zealot x6  
  47  14:12  High Templar x4  
  55  14:17  High Templar x2  
  55  14:21  Archon  
  55  14:22  Archon  
  55  14:23  Archon  
  59  14:27  Probe x2  
  61  14:39  Probe  
  52  14:56  Observer (Chrono Boost)  
  51  15:09  Observer (Chrono Boost)  
  52  15:18  High Templar  
  52  15:19  High Templar x3  
  52  15:20  Zealot x2  
  64  15:26  Archon x2  
  64  15:29  Immortal  
  68  15:48  Nexus  
  68  15:54  Pylon  
  68  16:13  High Templar x2  
  68  16:14  High Templar x2  
  68  16:16  Zealot x2  
  80  16:27  Archon x2  
  84  16:59  Zealot  
  84  17:00  Zealot x2  
  90  17:05  Assimilator  
  90  17:07  Assimilator  
Show
View Real Time Build Order
Export as new Build Order

percyonecraf Protoss 

Build Orders: Dark Templar Rush 

Get SALT Encoding   

  12  0:01  Probe  
  13  0:15  Pylon  
  13  0:35  Gateway  
  13  0:37  Assimilator  
  13  0:41  Assimilator  
  13  0:43  Probe (Chrono Boost)  
  14  0:55  Probe (Chrono Boost)  
  15  1:03  Probe (Chrono Boost)  
  16  1:11  Probe (Chrono Boost)  
  17  1:19  Probe (Chrono Boost)  
  17  1:25  Cybernetics Core  
  18  1:30  Pylon  
  18  1:32  Probe  
  19  1:44  Probe  
  20  2:00  Warp Gate (Chrono Boost)  
  20  2:03  Twilight Council  
  20  2:41  Dark Shrine  
  20  2:45  Gateway  
  20  2:49  Gateway  
  20  2:52  Gateway  
  20  2:53  Gateway  
  20  3:46  Pylon  
  20  4:04  Dark Templar x5  
  30  4:47  Stalker x4  
  38  4:58  Pylon  
  20  5:44  Stalker x3  
  20  5:45  Stalker x2  
  28  6:22  Nexus  
  28  6:25  Assimilator  
  28  6:29  Forge  
  28  6:35  Forge  
  28  6:47  Probe  
  29  6:59  Probe (Chrono Boost)  
  24  7:11  Probe (Chrono Boost)  
  23  7:17  Probe (Chrono Boost)  
  24  7:25  Probe  
  25  7:37  Photon Cannon  
  25  7:38  Probe  
  26  7:54  Protoss Ground Weapons Level 1 (Chrono Boost)  
  26  7:55  Probe  
  27  8:07  Probe  
  28  8:19  Probe  
  29  8:27  Photon Cannon  
  29  8:28  Protoss Ground Armor Level 1 (Chrono Boost)  
  29  8:33  Stalker  
  29  8:34  Stalker  
  33  8:53  Stalker x2  
  33  8:54  Stalker  
  39  9:01  Probe  
  40  9:13  Probe  
  40  9:16  Stalker x2  
  45  9:17  Stalker  
  45  9:19  Stalker  
  49  9:35  Protoss Ground Weapons Level 2 (Chrono Boost)  
  33  9:59  Dark Templar x2  
  35  10:00  Dark Templar x3  
  35  10:04  Assimilator  
  41  10:12  Probe (Chrono Boost)  
  42  10:20  Protoss Ground Armor Level 2 (Chrono Boost)  
  43  10:22  Probe (Chrono Boost)  
  43  10:26  Probe (Chrono Boost)  
  43  10:27  Probe (Chrono Boost)  
  44  10:33  Pylon  
  44  10:35  Pylon  
  45  10:39  Probe  
  45  10:42  Pylon  
  46  10:51  Probe  
  47  11:00  Stalker x3  
  47  11:01  Stalker  
  47  11:03  Probe  
  56  11:18  Pylon  
  56  11:20  Probe  
  56  11:24  Stalker x3  
  63  11:42  Protoss Ground Weapons Level 3 (Chrono Boost)  
  63  11:56  Stalker x3  
  43  12:24  Dark Templar x5  
  49  13:01  Nexus  
  49  13:04  Pylon  
  49  13:08  Pylon  
  49  13:09  Probe  
  50  13:17  Pylon, Protoss Ground Armor Level 3 (Chrono Boost)  
  50  13:21  Probe  
  50  13:24  Stalker x4  
  50  13:25  Stalker  
  41  13:53  Dark Templar x4  
  49  14:23  Nexus  
  49  14:27  Stalker  
  49  14:28  Stalker x4  
  43  15:04  Stalker  
  43  15:05  Stalker x4  
  18  15:31  Dark Templar x2  
  18  15:32  Dark Templar  
  18  15:34  Zealot x2  
  28  16:19  Dark Templar  
  28  16:22  Zealot  
  28  16:23  Zealot x3  
  28  17:13  Zealot  
Show
View Real Time Build Order
Export as new Build Order

TerraniusD Protoss 

Build Orders:  

Get SALT Encoding   

  12  0:02  Probe  
  13  0:15  Pylon  
  13  0:18  Probe (Chrono Boost)  
  15  0:30  Probe (Chrono Boost)  
  15  0:42  Forge  
  15  0:52  Probe, Pylon  
  16  1:04  Probe (Chrono Boost)  
  17  1:16  Probe (Chrono Boost), Gateway  
  18  1:22  Probe (Chrono Boost)  
  18  1:23  Gateway  
  19  1:33  Photon Cannon  
  19  1:36  Probe  
  20  1:41  Assimilator  
  20  1:45  Assimilator  
  20  1:55  Photon Cannon  
  20  1:59  Probe  
  21  2:12  Probe, Cybernetics Core  
  22  2:27  Zealot  
  22  2:28  Probe  
  25  2:37  Pylon  
  25  2:41  Probe  
  26  2:48  Warp Gate (Chrono Boost)  
  26  2:53  Probe  
  26  2:57  Stalker  
  29  3:09  Gateway  
  29  3:21  Twilight Council  
  29  3:32  Stalker x2  
  33  3:37  Pylon  
  33  4:08  Nexus  
  33  4:15  Probe  
  34  4:28  Probe  
  35  4:40  Probe  
  35  4:45  Pylon  
  36  4:47  Charge  
  36  4:52  Probe  
  37  5:22  Pylon  
  35  5:31  Probe  
  35  5:32  Probe  
  33  5:43  Probe  
  33  5:44  Probe  
  33  5:47  Stalker  
  33  5:48  Stalker x2  
  41  5:52  Assimilator  
  41  5:54  Pylon  
  41  5:55  Assimilator  
  41  5:56  Probe x2  
  43  5:58  Protoss Shields Level 1  
  43  6:08  Probe x2  
  43  6:10  Zealot  
  43  6:11  Zealot  
  49  6:20  Probe x2  
  49  6:21  Stalker  
  53  6:27  Blink  
  53  6:32  Probe x2  
  55  6:38  Pylon  
  55  6:41  Zealot x2  
  55  6:44  Probe x2  
  61  6:56  Probe x2  
  61  6:59  Stalker  
  66  7:08  Probe x2  
  66  7:11  Gateway  
  66  7:13  Gateway, Stalker x2  
  65  7:20  Probe x2  
  53  7:26  Photon Cannon  
  52  7:44  Stalker x2  
  55  8:11  Nexus  
  55  8:18  Pylon  
  55  8:28  Photon Cannon  
  55  8:33  Robotics Facility  
  55  8:46  Photon Cannon  
  55  8:57  Zealot x3  
  61  9:04  Zealot x2  
  55  9:23  Zealot x3  
  49  9:31  Zealot x2  
  49  9:33  Probe x2  
  55  9:44  Observer  
  55  9:45  Probe  
  57  9:46  Zealot x3  
  63  9:53  Forge  
  63  9:58  Zealot x2  
  67  10:05  Observer  
  68  10:07  Zealot x3  
  68  10:13  Assimilator  
  74  10:15  Assimilator  
  74  10:19  Probe x2  
  76  10:23  Zealot x2  
  74  11:02  Stalker x3  
  74  11:03  Stalker  
  82  11:05  Stalker  
  82  11:10  Probe x2  
  86  11:24  Forge  
  86  11:26  Nexus, Protoss Ground Weapons Level 1, Protoss Ground Armor Level 1  
  86  11:33  Pylon  
  86  11:42  Pylon  
  86  11:44  Pylon  
  86  11:45  Pylon  
  86  11:47  Pylon  
  86  11:49  Pylon  
  86  11:55  Gateway  
  86  11:57  Protoss Shields Level 2, Gateway  
  86  11:58  Gateway  
  78  12:42  Stalker x4  
  78  12:43  Stalker  
  84  12:59  Observer  
  84  13:02  Probe  
  84  13:03  Probe x2  
  88  13:14  Probe  
  88  13:15  Probe x2  
  88  13:17  Stalker x2  
  88  13:18  Stalker x4  
  88  13:19  Stalker  
  105  13:20  Observer  
  105  13:25  Protoss Ground Armor Level 2, Protoss Ground Weapons Level 2  
  104  13:32  Probe x3  
  83  13:41  Observer  
  76  13:59  Zealot x2  
  76  14:01  Zealot x4  
  76  14:02  Zealot  
  90  14:24  Zealot x4  
  92  14:25  Zealot x4  
  97  14:40  Nexus  
  64  14:50  Zealot x4  
  64  14:51  Zealot x2  
  63  14:53  Zealot x2  
  30  15:20  Pylon  
  30  15:24  Pylon x2  
  30  15:25  Stalker x2  
  30  15:26  Pylon  
  30  15:27  Stalker x3  
  30  15:28  Stalker x2  
  44  15:29  Stalker  
  46  16:00  Stalker  
  46  16:01  Stalker x2  
  12  16:48  Stalker  
  12  16:49  Stalker  
  12  16:50  Stalker x2  
Show
View Real Time Build Order
Export as new Build Order

Zeratool Protoss 

Build Orders: Cannon Rush 

Get SALT Encoding   

  12  0:05  Probe  
  13  0:17  Probe  
  13  0:20  Pylon  
  14  0:30  Probe  
  15  0:41  Forge  
  15  0:42  Probe  
  16  0:54  Probe  
  17  1:07  Probe  
  18  1:14  Pylon  
  18  1:16  Pylon  
  18  1:21  Pylon  
  18  1:24  Probe (Chrono Boost)  
  19  1:36  Probe (Chrono Boost)  
  20  1:41  Photon Cannon  
  20  1:44  Photon Cannon  
  20  1:52  Photon Cannon  
  20  2:00  Photon Cannon  
  20  2:06  Pylon  
  20  2:20  Pylon  
  20  2:27  Photon Cannon  
  20  2:29  Photon Cannon  
  20  2:35  Pylon  
  19  2:46  Pylon  
  19  2:54  Photon Cannon  
  19  2:58  Photon Cannon  
  19  3:06  Photon Cannon  
  19  3:22  Pylon  
  18  3:37  Photon Cannon  
  18  3:42  Pylon  
  18  3:45  Photon Cannon  
  18  3:47  Gateway  
  18  3:49  Probe  
  19  4:01  Probe  
  20  4:03  Assimilator  
  20  4:07  Assimilator  
  20  4:13  Probe, Photon Cannon  
  21  4:18  Pylon  
  21  4:25  Probe  
  22  4:37  Probe  
  23  4:48  Cybernetics Core  
  23  4:49  Probe  
  24  4:55  Gateway  
  24  5:01  Gateway  
  24  5:38  Protoss Ground Weapons Level 1 (Chrono Boost)  
  24  5:45  Robotics Facility  
  24  5:49  Robotics Facility  
  24  5:53  Warp Gate (Chrono Boost), Zealot x2  
  28  5:58  Zealot  
  30  6:06  Pylon  
  30  6:33  Immortal  
  30  6:37  Immortal  
  38  6:54  Twilight Council  
  38  7:05  Protoss Ground Armor Level 1 (Chrono Boost)  
  38  7:12  Immortal  
  42  7:21  Observer  
  43  8:02  Immortal  
  47  8:07  Pylon  
  47  8:12  Pylon  
  47  8:24  Charge  
  47  8:26  Immortal (Chrono Boost)  
  51  8:31  Zealot x2  
  51  8:32  Zealot  
  51  8:53  Immortal (Chrono Boost)  
  29  9:50  Zealot  
  29  9:51  Zealot x2  
  30  10:09  Dark Shrine  
  30  10:12  Zealot x2  
  30  10:13  Gateway  
  30  10:14  Zealot  
  36  10:37  Photon Cannon  
  36  10:50  Protoss Shields Level 1 (Chrono Boost)  
  36  11:43  Dark Templar x3  
  36  11:44  Dark Templar  
  32  12:13  Observer  
  24  12:33  Observer  
  24  12:39  Observer  
  24  12:53  Nexus  
  24  12:55  Pylon  
  24  13:32  Dark Templar  
  24  13:33  Zealot x2  
  30  13:34  Dark Templar  
  32  13:46  Probe  
  29  14:06  Dark Templar  
  31  14:16  Photon Cannon  
  31  14:25  Probe  
  31  14:26  Probe  
  31  14:29  Assimilator  
  33  14:40  Shadow Stride (Chrono Boost)  
  33  14:59  Dark Templar  
  33  15:01  Zealot x2  
  33  15:12  Dark Templar  
  35  15:28  Zealot  
  33  15:29  Zealot  
Show
View Real Time Build Order
Export as new Build Order

SentientHair Protoss 

Build Orders:  

Get SALT Encoding   

  12  0:03  Probe (Chrono Boost)  
  14  0:15  Probe (Chrono Boost)  
  14  0:22  Pylon  
  14  0:24  Probe  
  15  0:40  Assimilator  
  15  0:43  Gateway  
  15  0:46  Probe  
  16  0:58  Probe  
  16  1:04  Gateway  
  17  1:11  Probe  
  18  1:19  Gateway  
  18  1:23  Probe  
  19  1:31  Cybernetics Core  
  19  1:35  Probe  
  20  1:47  Probe  
  20  1:52  Gateway  
  21  2:00  Probe  
  21  2:01  Pylon  
  22  2:18  Pylon  
  22  2:22  Stalker (Chrono Boost)  
  26  2:25  Stalker (Chrono Boost)  
  26  2:26  Stalker (Chrono Boost)  
  28  2:37  Assimilator  
  28  2:42  Warp Gate, Zealot (Chrono Boost)  
  30  2:54  Zealot  
  30  2:57  Probe  
  33  3:04  Stalker  
  35  3:09  Probe  
  38  3:13  Stalker (Chrono Boost)  
  38  3:17  Pylon  
  38  3:33  Stalker (Chrono Boost)  
  40  4:03  Pylon  
  40  4:05  Probe  
  40  4:06  Nexus  
  41  4:17  Probe  
  42  4:29  Probe  
  43  4:44  Gateway  
  43  4:46  Forge  
  43  5:03  Probe  
  38  5:15  Probe  
  38  5:19  Twilight Council  
  39  5:27  Probe  
  40  5:33  Stalker  
  40  5:34  Stalker x3  
  48  5:39  Probe  
  49  5:44  Robotics Facility  
  49  5:47  Probe  
  50  5:51  Probe  
  51  5:57  Robotics Facility  
  51  6:00  Pylon  
  51  6:07  Photon Cannon  
  49  6:23  Stalker  
  49  6:24  Stalker  
  53  6:26  Probe (Chrono Boost)  
  53  6:28  Probe (Chrono Boost)  
  53  6:31  Assimilator  
  55  6:38  Probe (Chrono Boost)  
  57  6:43  Probe (Chrono Boost)  
  57  6:45  Probe (Chrono Boost)  
  58  6:49  Assimilator  
  58  6:50  Probe  
  58  6:51  Pylon  
  58  6:54  Photon Cannon  
  59  6:57  Photon Cannon  
  59  6:58  Probe  
  60  7:02  Probe  
  60  7:03  Blink (Chrono Boost)  
  61  7:10  Probe  
  61  7:11  Observer (Chrono Boost)  
  61  7:12  Observer (Chrono Boost)  
  55  7:41  Stalker  
  55  7:42  Stalker  
  59  8:02  Stalker  
  61  8:07  Probe x2  
  61  8:10  Immortal  
  67  8:17  Robotics Bay  
  67  8:19  Probe x2, Pylon  
  69  8:21  Pylon  
  69  8:27  Stalker  
  69  8:28  Stalker  
  69  8:29  Protoss Ground Weapons Level 1  
  69  8:34  Forge  
  73  8:35  Forge  
  73  8:37  Pylon  
  73  8:40  Pylon  
  73  8:42  Stalker  
  73  8:43  Stalker  
  73  8:44  Pylon  
  77  8:51  Immortal (Chrono Boost)  
  81  9:09  Shield Battery  
  81  9:10  Shield Battery  
  65  9:30  Stalker x2  
  63  9:36  Stalker  
  63  9:37  Stalker  
  59  9:42  Colossus, Extended Thermal Lance (Chrono Boost)  
  63  10:07  Colossus, Stalker  
  63  10:11  Probe  
  72  10:15  Pylon  
  72  10:16  Shield Battery  
  72  10:21  Pylon  
  72  10:23  Probe  
  72  10:28  Protoss Ground Weapons Level 2 (Chrono Boost)  
  73  10:30  Protoss Ground Armor Level 1 (Chrono Boost)  
  73  10:31  Protoss Shields Level 1 (Chrono Boost)  
  73  10:35  Probe  
  74  10:36  Stalker  
  76  10:47  Probe  
  77  10:53  Nexus  
  77  10:59  Pylon  
  77  11:08  Colossus  
  82  11:12  Probe x2  
  82  11:17  Photon Cannon  
  83  11:27  Stalker  
  85  11:35  Assimilator  
  85  11:37  Assimilator  
  85  11:38  Assimilator  
  84  11:43  Assimilator  
  83  11:49  Stalker x3  
  72  12:18  Colossus (Chrono Boost)  
  72  12:22  Colossus (Chrono Boost)  
  80  12:27  Stalker  
  80  12:28  Stalker  
  84  12:32  Probe x3  
  83  12:58  Stalker x2  
  83  12:59  Stalker x2  
  83  13:00  Stalker  
  83  13:05  Protoss Ground Armor Level 2 (Chrono Boost)  
  93  13:11  Robotics Facility, Observer (Chrono Boost)  
  94  13:13  Protoss Ground Weapons Level 3 (Chrono Boost)  
  94  13:17  Observer (Chrono Boost)  
  95  13:27  Protoss Shields Level 2 (Chrono Boost)  
  79  14:02  Stalker x2  
  73  14:03  Stalker x2  
  73  14:04  Stalker  
  79  14:11  Colossus x2 (Chrono Boost)  
  82  14:44  Colossus (Chrono Boost)  
  74  14:59  Stalker  
  74  15:03  Stalker  
  76  15:18  Colossus (Chrono Boost)  
  82  15:30  Stalker  
  82  15:31  Stalker x2  
  82  15:33  Stalker  
  85  15:44  Shield Battery  
  85  15:45  Shield Battery  
  85  15:48  Shield Battery  
  84  15:54  Stalker  
  84  15:55  Stalker  
  69  16:23  Stalker  
  69  16:24  Stalker  
  73  16:26  Stalker  
  73  16:27  Stalker  
Tags
 
Add a new tag
Caveats
  • Supply blocks, unpowered buildings, or Contaminate may cause inaccurate times.
  • Supply counts are checked every 10 seconds.